 Dungeon Crawl Stone Soup version 0.28.0-1-gb440e238dd (webtiles) character file.

Game seed: 5705075240509943632

201 Karpo the Covert (level 5, -1/24 HPs)
             Began as a Spriggan Enchanter on Feb 21, 2022.
             Succumbed to an adder's poison
             ... on level 4 of the Dungeon.
             The game lasted 00:08:02 (4371 turns).

Karpo the Covert (Spriggan Enchanter)               Turns: 4371, Time: 00:08:02

Health: -1/24      AC:  3    Str:  4    XL:     5   Next: 50%
Magic:  17/19      EV: 17    Int: 18    God:
Gold:   133        SH:  0    Dex: 16    Spells: 1/9 levels left

rFire   . . .      SeeInvis +   a - +1 dagger
rCold   . . .      Faith    .   (no shield)
rNeg    . . .      Spirit   .   b - +1 robe
rPois   .          Reflect  .   (helmet restricted)
rElec   .          Harm     .   (no cloak)
rCorr   .          Rampage  .   (gloves unavailable)
Will    .....                   (boots unavailable)
Stlth   ++++......              m - amulet of magic regeneration
HPRegen 0.08/turn               n - ring of magical power
MPRegen 0.56/turn               (no ring)

@: mighty, lethally poisoned (-1 -> -8), very slightly contaminated, very quick
A: very small, no large weapons, unfitting armour, see invisible, speed 3
a: no special abilities


You were on level 4 of the Dungeon.
You visited 1 branch of the dungeon, and saw 4 of its levels.

You collected 133 gold pieces.

Inventory:

Hand Weapons
 a - a +1 dagger (weapon)
 r - a +3 short sword
Armour
 b - a +1 robe (worn)
Jewellery
 m - an amulet of magic regeneration (around neck)
 n - a ring of magical power (left hand)
Wands
 q - a wand of flame (26)
Scrolls
 d - a scroll of fog {unknown}
 e - 2 scrolls of identify {unknown}
 g - 2 scrolls of enchant armour
 h - a scroll of noise {unknown}
 l - a scroll of vulnerability {unknown}
 o - a scroll of magic mapping {unknown}
Potions
 c - a potion of invisibility
 f - a potion of might
 i - 2 potions of attraction {unknown}
 j - a potion of degeneration {unknown}
 k - a potion of magic {unknown}
 p - 2 potions of curing {unknown}
 s - a potion of brilliance {unknown}


   Skills:
 + Level 3.9 Short Blades
 - Level 2.6 Dodging
 - Level 8.0 Stealth
 - Level 2.6 Spellcasting
 - Level 3.6 Hexes


You had one spell level left.
You knew the following spells:

 Your Spells              Type           Power      Damage    Failure   Level
a - Confusing Touch       Hex            15%        N/A       12%         3
b - Dazzling Flash        Conj/Hex       16%        N/A       24%         3
z - Ensorcelled Hibernat  Hex/Ice        16%        N/A       12%         2

Your spell library contained the following spells:

 Spells                   Type           Power      Damage    Failure   Level
 Summon Small Mammal      Summ           8%         N/A       17%         1
 Tukima's Dance           Hex            15%        N/A       12%         3
 Summon Guardian Golem    Hex/Summ       8%         N/A       24%         3
 Call Canine Familiar     Summ           2%         N/A       45%         3
 Yara's Violent Unravell  Hex/Tmut       4%         3d4       92%         5
 Enfeeble                 Hex            7%         N/A       100%        7


Dungeon Overview and Level Annotations

Branches:
Dungeon (4/15)
 Temple: D:4-7

Altars:
Dithmenos
Xom

Shops:
D:2 [

Annotations:
D:3 Grinder


Innate Abilities, Weirdness & Mutations

You are very small and have problems with some larger weapons.
You are too small for most types of armour.
You have supernaturally acute eyesight. (SInv)
You cover ground extremely quickly. (Speed+++)


Message History

You miscast Ensorcelled Hibernation.
Nothing appears to happen.
An orc comes into view. It is wielding a +0 mace.
The adder completely misses you. The orc wizard misses you. The orc misses you.
You barely miss the orc. The adder closely misses you.
The orc closely misses you. The orc wizard completely misses you.
You hit the orc.
The orc is lightly wounded.
The orc misses you. The adder bites you.
The orc hits you with a +2 short sword of speed!
* * * LOW HITPOINT WARNING * * *
You hit the orc but do no damage.
The orc is lightly wounded.
The orc wizard barely misses you. The adder barely misses you.
The orc barely misses you. The orc misses you.
You hit the orc.
The orc is heavily wounded.
The orc barely misses you. The adder misses you. The orc wizard misses you.
The orc hits you with a +0 mace.
* * * LOW HITPOINT WARNING * * *
Casting: Ensorcelled Hibernation (safe; 12% risk of failure)
Confirm with . or Enter, or press ? or * to list all spells.
Aiming: Ensorcelled Hibernation (safe; 12% risk of failure)
Press: ? - help, Shift-Dir - straight line, f - orc, p - orc wizard
Aim: an orc, wielding a +2 short sword of speed (heavily wounded, chance to affect: 59%)
The orc resists with significant effort.
The orc hits you with a +2 short sword of speed.
* * * LOW HITPOINT WARNING * * *
The adder closely misses you. The orc wizard completely misses you.
The orc misses you.
As you read the scroll labelled YQETYPP MELUH, it crumbles to dust.
It is a scroll of enchant armour.
Your +0 robe glows green for a moment.
The adder bites you.
* * * LOW HITPOINT WARNING * * *
You are lethally poisoned!
The adder poisons you! The orc misses you. The orc wizard misses you.
An orc comes into view. It is wielding a +0 dagger.
The orc misses you. The adder closely misses you.
It was a potion of might.
You feel very mighty all of a sudden.
You die...

.# ..# ..# #..##
##.... #...
################.#
............)..oS#
##########.#####@#
#'# #ooo..... ...
.o....#.# #.(.#
######## #...#
#####


You could see an orc wizard, an adder and 4 orcs.

Vanquished Creatures
  Edmund (D:4)
  An adder (D:3)
  An adder zombie (D:2)
  2 dart slugs (D:1)
  8 orcs
  10 ball pythons
  3 bats
  4 endoplasms
  3 giant cockroaches
  5 goblins
  5 hobgoblins
  2 quokkas
  2 ball python skeletons (D:2)
  A ball python zombie (D:2)
  A frilled lizard (D:1)
  A giant cockroach zombie (D:2)
  A jackal zombie (D:2)
  7 kobolds
  A quokka skeleton (D:2)
  4 rats
63 creatures vanquished.

Notes
Turn   | Place    | Note
-------+----------+-------------------------------------------
     0 | D:1      | Karpo the Spriggan Enchanter began the quest for the Orb.
     0 | D:1      | Reached XP level 1. HP: 9/9 MP: 5/5
    71 | D:1      | Found a faded altar of an unknown god.
   229 | D:1      | Reached skill level 5 in Stealth
   282 | D:1      | Reached XP level 2. HP: 13/13 MP: 6/6
   285 | D:1      | Learned a level 2 spell: Ensorcelled Hibernation
  1041 | D:1      | Reached skill level 6 in Stealth
  1253 | D:1      | Reached XP level 3. HP: 16/16 MP: 8/8
  1658 | D:2      | Learned a level 3 spell: Confusing Touch
  2370 | D:2      | Found Coptywk's Armour Emporium.
  2616 | D:2      | Found a shimmering altar of Xom.
  2776 | D:3      | Noticed Grinder
  3081 | D:3      | Found a shadowy altar of Dithmenos.
  3168 | D:3      | Reached XP level 4. HP: 20/21 MP: 9/9
  3219 | D:3      | Reached skill level 7 in Stealth
  4088 | D:4      | Noticed Edmund
  4101 | D:4      | Killed Edmund
  4102 | D:4      | Reached skill level 8 in Stealth
  4102 | D:4      | Reached XP level 5. HP: 7/24 MP: 10/10
  4314 | D:4      | Learned a level 3 spell: Dazzling Flash
  4370 | D:4      | HP: 1/24 [adder (2)]
  4371 | D:4      | Succumbed to an adder's poison

Illustrated notes

Levels and vault maps discovered:
D:1:      co_arrival_square_in_a_square_in_a_square, layout_loops_corners,
          serial_glass, glass_columns_b, glass_columns_b,
          dreamdust_ecumenical_altar_hidden_monk_grotto, minmay_pentomino_t4
D:2:      layout_basic, serial_undead, serial_undead_c, serial_undead_d,
          serial_undead_b, serial_undead_a, serial_undead_e, serial_undead_b,
          serial_shops, nicolae_shop_advertising_works
          [nicolae_subvault_shop_adworks], basic_altar, wad_orctagon
D:3:      layout_basic, nicolae_dithmenos_shadow_blocks, uniq_grinder
D:4:      layout_loops_ring, chequers_temple_overflow_statue_of_worship,
          eino_tiny_chamber, minmay_snake_closets, uniq_edmund, uniq_robin

Skill      XL: |  1  2  3  4 |
---------------+-------------+-----
Stealth        | 5 6 8 |  8.0
Short Blades   | 2 3 |  3.9
Dodging        | |  2.6
Spellcasting   | |  2.6
Hexes          | |  3.6

Action                   |  1- 3 |  4- 6 || total
-------------------------+-------+-------++-------
Melee: Dagger            |   148 |    51 ||   199
       Punch             |     1 |       ||     1
 Cast: Ensorcelled Hiber |    12 |     4 ||    16
Evoke: Wand              |       |     2 ||     2
  Use: Scroll            |       |     1 ||     1
       Potion            |       |     1 ||     1
 Stab: Sleeping          |    30 |     7 ||    37
       Distracted        |     1 |       ||     1
Armor: Robe              |    12 |     4 ||    16
Dodge: Dodged            |    85 |    48 ||   133
